 Dungeon Crawl Stone Soup version 0.29.0-11-gd7f09526c8 (webtiles) character file.

Game seed: 2023495675894203782

206 Bartlander the Cudgeller (level 5, -1/45 (47) HPs)
             Began as a Gnoll Cinder Acolyte on Sept 6, 2022.
             Was a High Priest of Ignis.
             Slain by an orc priest
             ... wielding a +1 flail of draining
              (7 damage)
             ... on level 3 of the Dungeon.
             The game lasted 00:06:36 (2946 turns).

Bartlander the Cudgeller (Gnoll Cinder Acolyte)     Turns: 2946, Time: 00:06:36

HP:   -1/45 (47)    AC:  6    Str: 15    XL:     5   Next: 84%
MP:   9/9           EV: 10    Int: 14    God:    Ignis [*****.]
Gold: 81            SH:  0    Dex:  7    Spells: 10/10 levels left

rFire   + . .      SeeInvis .   a - -1 mace (flame)
rCold   . . .      Faith    .   (no shield)
rNeg    . . .      Spirit   .   j - +1 ring mail
rPois   .          Reflect  .   (no helmet)
rElec   .          Harm     .   (no cloak)
rCorr   .          Rampage  .   (no gloves)
Will    .....                   (no boots)
Stlth   ..........              (no amulet)
HPRegen 0.15/turn               (no ring)
MPRegen 0.11/turn               (no ring)

@: confused, ambrosia-drunk, lightly drained
A: fangs 1, strong nose, distributed training
a: Renounce Religion, Fiery Armour, Foxfire Swarm, Rising Flame


You were on level 3 of the Dungeon.
You worshipped Ignis.
Ignis was extremely pleased with you.
You visited 1 branch of the dungeon, and saw 3 of its levels.

You collected 81 gold pieces.

Inventory:

Hand Weapons
 a - a -1 mace of flaming (weapon)
 b - a +0 sling
Missiles
 d - 4 poisoned darts (quivered)
Armour
 e - a +0 leather armour
 j - a +1 ring mail (worn)
 k - a +0 robe
Scrolls
 g - a scroll of identify
 h - a scroll of blinking
 n - a scroll of teleportation
Potions
 c - a potion of ambrosia
 f - a potion of mutation {unknown}
 i - a potion of magic {unknown}


   Skills:
 + Level 6.7 Fighting
 + Level 1.7 Short Blades
 + Level 1.7 Long Blades
 + Level 1.7 Axes
 + Level 6.7 Maces & Flails
 + Level 1.7 Polearms
 + Level 1.7 Staves
 + Level 1.7 Ranged Weapons
 + Level 1.7 Throwing
 + Level 1.7 Armour
 + Level 1.7 Dodging
 + Level 1.7 Stealth
 + Level 1.7 Shields
 + Level 1.7 Unarmed Combat
 + Level 3.3 Spellcasting
 + Level 1.3 Conjurations
 + Level 1.3 Hexes
 + Level 1.3 Summonings
 + Level 1.3 Necromancy
 + Level 1.3 Translocations
 + Level 1.3 Transmutations
 + Level 5.6 Fire Magic
 + Level 1.3 Ice Magic
 + Level 1.3 Air Magic
 + Level 1.3 Earth Magic
 + Level 1.3 Poison Magic
 + Level 2.0 Invocations
 + Level 1.7 Evocations


You had 10 spell levels left.
You didn't know any spells.
Your spell library contained the following spells:

 Spells                   Type           Power      Damage    Failure   Level
 Scorch                   Fire           36%        2d7       6%          2
 Magic Dart               Conj           24%        1d4       22%         1
 Call Imp                 Summ           6%         N/A       34%         2
 Mephitic Cloud           Conj/Pois/Air  6%         N/A       56%         3


Dungeon Overview and Level Annotations

Branches:
Dungeon (3/15)

Altars:


Innate Abilities, Weirdness & Mutations

You have very sharp teeth.
Your uncanny sense of smell can sniff out nearby items.
Your experience applies equally to all skills.


Message History

The adder hisses angrily.
The adder bites you.
You are poisoned.
The adder poisons you!
You sock the adder! You burn the adder.
You kill the adder!
You feel sick.
Your Invocations skill increases to level 2!
You start resting.
You feel sick. x2
You are no longer poisoned.
You start resting.
An orc priest comes into view. It is wielding a +1 flail of draining.
An orc wizard comes into view. It is wielding a +0 dagger of venom.
The orc priest hits you but does no damage.
You feel drained.
You hit the orc priest. You burn the orc priest.
The orc priest is moderately wounded.
The orc priest invokes the aid of Beogh against you.
Beogh smites you!
You hear a shout!
You hit the orc priest. You burn the orc priest.
The orc priest is heavily wounded.
The orc priest mumbles some strange prayers to Beogh against you.
Pain shoots through your body!
You barely miss the orc priest.
The orc priest is heavily wounded.
The orc priest calls down the wrath of Beogh upon you.
Beogh smites you!
* * * LOW HITPOINT WARNING * * *
You hit the orc priest. You burn the orc priest.
The orc priest is severely wounded.
The orc priest hits you with a +1 flail of draining!
* * * LOW HITPOINT WARNING * * *
You feel drained.
* * * LOW HITPOINT WARNING * * *
The orc priest casts a cantrip, but nothing happens.
You are confused.
You feel invigorated.
The orc priest hits you with a +1 flail of draining!
You die...

#...<.......
#.#########.
#.# #.# #.# #.#
## ∆ #.####..
#.#... #
##@#.##...#
#.)o....#
#.#####.# #.#
#.# #.#
#.#####.#
#)......#
......)[.......


You could see an orc priest.

Vanquished Creatures
  Natasha (twice) (D:2)
  2 orc wizards (D:3)
  3 adders
  A dart slug (D:1)
  2 orcs (D:3)
  5 endoplasms
  3 giant cockroaches
  7 hobgoblins
  6 quokkas
  6 ball pythons
  A bat (D:2)
  2 frilled lizards
  5 goblins
  7 kobolds (D:1)
  6 rats
58 creatures vanquished.

Vanquished Creatures (others)
  Natasha (D:2)
  7 plants (D:1)
8 creatures vanquished.

Grand Total: 66 creatures vanquished

Notes
Turn   | Place    | Note
-------+----------+-------------------------------------------
     0 | D:1      | Bartlander the Gnoll Cinder Acolyte began the quest for the
                  | Orb.
     0 | D:1      | Reached XP level 1. HP: 23/23 MP: 4/4
   193 | D:1      | Reached XP level 2. HP: 12/29 MP: 5/5
   656 | D:1      | Reached XP level 3. HP: 24/35 MP: 7/7
  1081 | D:1      | Reached skill level 1 in Invocations
  1489 | D:2      | Noticed Natasha
  1502 | D:2      | Reached skill level 1 in Short Blades
  1502 | D:2      | Reached skill level 1 in Long Blades
  1502 | D:2      | Reached skill level 1 in Axes
  1502 | D:2      | Reached skill level 1 in Polearms
  1502 | D:2      | Reached skill level 1 in Staves
  1502 | D:2      | Reached skill level 1 in Ranged Weapons
  1502 | D:2      | Reached skill level 1 in Throwing
  1502 | D:2      | Reached skill level 1 in Armour
  1502 | D:2      | Reached skill level 1 in Dodging
  1502 | D:2      | Reached skill level 1 in Stealth
  1502 | D:2      | Reached skill level 1 in Shields
  1502 | D:2      | Reached skill level 1 in Unarmed Combat
  1502 | D:2      | Reached skill level 1 in Evocations
  1513 | D:2      | Killed Natasha
  1514 | D:2      | Reached XP level 4. HP: 19/41 MP: 8/8
  1700 | D:2      | Reached skill level 1 in Conjurations
  1700 | D:2      | Reached skill level 1 in Hexes
  1700 | D:2      | Reached skill level 1 in Summonings
  1700 | D:2      | Reached skill level 1 in Necromancy
  1700 | D:2      | Reached skill level 1 in Translocations
  1700 | D:2      | Reached skill level 1 in Transmutations
  1700 | D:2      | Reached skill level 1 in Ice Magic
  1700 | D:2      | Reached skill level 1 in Air Magic
  1700 | D:2      | Reached skill level 1 in Earth Magic
  1700 | D:2      | Reached skill level 1 in Poison Magic
  1728 | D:2      | Noticed Natasha
  1735 | D:2      | Killed Natasha
  1783 | D:2      | Noticed Natasha
  1804 | D:2      | Killed Natasha
  1805 | D:2      | Reached XP level 5. HP: 17/47 MP: 9/9
  2253 | D:2      | Found a faded altar of an unknown god.
  2509 | D:2      | Identified the +2 leather armour of Gif Vino {rElec Int+3}
  2945 | D:3      | HP: 2/45 [orc priest/+1 flail of draining (2)]
  2946 | D:3      | Slain by an orc priest

Illustrated notes

Levels and vault maps discovered:
D:1:      dpeg_arrival_orchard, layout_basic, lexackson_kobold_supper
D:2:      layout_basic, chequers_ecumenical_altar_simple_redux,
          minmay_pentomino_v2, uniq_natasha
D:3:      layout_loops_ring

Skill      XL: |  1  2  3  4  5 |
---------------+----------------+-----
Invocations    | 1 2 |  2.0
Short Blades   | 1 |  1.7
Long Blades    | 1 |  1.7
Axes           | 1 |  1.7
Polearms       | 1 |  1.7
Staves         | 1 |  1.7
Ranged Weapons | 1 |  1.7
Throwing       | 1 |  1.7
Armour         | 1 |  1.7
Dodging        | 1 |  1.7
Stealth        | 1 |  1.7
Shields        | 1 |  1.7
Unarmed Combat | 1 |  1.7
Evocations     | 1 |  1.7
Spellcasting   | 3 |  3.3
Conjurations   | 1 |  1.3
Hexes          | 1 |  1.3
Summonings     | 1 |  1.3
Necromancy     | 1 |  1.3
Translocations | 1 |  1.3
Transmutations | 1 |  1.3
Ice Magic      | 1 |  1.3
Air Magic      | 1 |  1.3
Earth Magic    | 1 |  1.3
Poison Magic   | 1 |  1.3
Fighting       | |  6.7
Maces & Flails | |  6.7
Fire Magic     | |  5.6

Action                   |  1- 3 |  4- 6 || total
-------------------------+-------+-------++-------
Melee: Mace              |   129 |    80 ||   209
       Bite              |    10 |     4 ||    14
       Punch             |     1 |       ||     1
 Fire: Sling             |       |     2 ||     2
Invok: Fiery Armour      |     1 |       ||     1
  Use: Scroll            |     3 |     5 ||     8
       Potion            |       |     1 ||     1
 Stab: Sleeping          |       |     1 ||     1
Armor: Leather armour    |    30 |     9 ||    39
       Ring mail         |       |    18 ||    18
Dodge: Dodged            |    69 |    20 ||    89
